 Dungeon Crawl Stone Soup version 0.31.0-9-g3a7656b989 (webtiles) character file.

Game seed: 12531588297666313449

6 qw the Shooter (level 1, 0/12 HPs)
             Began as a Deep Elf Hunter on Feb 2, 2024.
             Slain by a kobold
             ... wielding a +0 short sword
              (3 damage)
             ... on level 1 of the Dungeon.
             The game lasted 00:00:00 (168 turns).

qw the Shooter (Deep Elf Hunter)                     Turns: 168, Time: 00:00:00

Health: 0/12       AC:  3    Str:  8    XL:     1   Next: 75%
Magic:  3/3        EV: 12    Int: 13    God:
Gold:   5          SH:  0    Dex: 18    Spells: 0/0 levels left

rFire   . . .        d - +0 arbalest
rCold   . . .        (shield currently unavailable)
rNeg    . . .        c - +0 leather armour
rPois   .            (no helmet)
rElec   .            (no cloak)
rCorr   .            (no gloves)
SInv    .            (no boots)
Will    .....        (no amulet)
Stlth   ++           (no ring)
HPRegen 0.22/turn    (no ring)
MPRegen 0.08/turn

%: no passive effects
@: no status effects
A: no striking features
a: no special abilities


You were on level 1 of the Dungeon.
You visited 1 branch of the dungeon, and saw 1 of its levels.

You collected 5 gold pieces.


   Skills:
 - Level 1.5 Fighting
 + Level 5.8 Ranged Weapons
 - Level 2.4 Dodging
 - Level 1.2 Stealth


You couldn't memorise any spells.
You didn't know any spells.
Your spell library was empty.

Inventory:

Hand Weapons
 d - a +0 arbalest (weapon)
Armour
 c - a +0 leather armour (worn)
Jewellery
 a - a +6 ring of intelligence
Scrolls
 b - a scroll of butterflies

Dungeon Overview and Level Annotations

Branches:
Dungeon (1/15)

Altars:


Message History

You shoot a bolt. The bolt hits the ball python.
You kill the ball python!
a - a +6 ring of intelligence
Found a stone staircase leading down.
Found a stone staircase leading down.
A frilled lizard comes into view.
You shoot a bolt. The bolt misses the frilled lizard.
You shoot a bolt. The bolt hits the frilled lizard.
You kill the frilled lizard!
You see here a frilled lizard corpse.
There is a stone staircase leading down here.
A frilled lizard comes into view.
You shoot a bolt. The bolt hits the frilled lizard!
You kill the frilled lizard!
A rat comes into view.
The rat squeaks loudly.
You hear a shout!
You shoot a bolt. The bolt hits the rat!
You kill the rat!
A kobold comes into view. It is wielding a +0 short sword.
You shoot a bolt. The bolt closely misses the kobold.
The kobold hits you but does no damage.
A kobold comes into view. It is wielding a +0 short sword.
You shoot a bolt. The bolt closely misses the kobold.
The kobold hits you with a +0 short sword. x2
You shoot a bolt. The bolt barely misses the kobold.
The kobold closely misses you. x2; The kobold misses you.
The kobold barely misses you.
You shoot a bolt. The bolt closely misses the kobold.
The kobold closely misses you.
The kobold hits you with a +0 short sword.
The kobold closely misses you. The kobold barely misses you.
You shoot a bolt. The bolt hits the kobold.
The kobold is moderately wounded.
The kobold closely misses you.
The kobold hits you with a +0 short sword.
You shoot a bolt. The bolt hits the kobold!
You kill the kobold!
The kobold hits you but does no damage.
The kobold hits you with a +0 short sword.
You die...

########.#
####.#..####.
.........# #......##
.........####....#.#
.........>.%..####.#
........######.....#
.........# #.#####
.#######.# #.# #.#
#.# #@# #.#
......K)# #.#
#####.### #.# #. ..#
#


You could see a kobold.

Vanquished Creatures
  A kobold (D:1)
  A quokka (D:1)
  A ball python (D:1)
  A bat (D:1)
  2 frilled lizards (D:1)
  3 rats (D:1)
9 creatures vanquished.

Notes
Turn   | Place    | Note
-------+----------+-------------------------------------------
     0 | D:1      | qw the Deep Elf Hunter began the quest for the Orb.
     0 | D:1      | Reached XP level 1. HP: 12/12 MP: 3/3
     0 | D:1      | 0 ||| qw: Version: 0.3-a-155-g5e7d8dd
     0 | D:1      | 0 ||| qw: Game counter: 376
     0 | D:1      | 0 ||| qw: Melee chars always use a shield: true
     0 | D:1      | 0 ||| qw: God list: Okawaru
     0 | D:1      | 0 ||| qw: Allow faded altars: false
     0 | D:1      | 0 ||| qw: Do Orc after clearing Dungeon:15 true
     0 | D:1      | 0 ||| qw: Do second Lair branch before Depths: true
     0 | D:1      | 0 ||| qw: Lair rune preference: random
     0 | D:1      | 0 ||| qw: Goals: Normal
     0 | D:1      | 0 ||| PLANNING D:1-11
    55 | D:1      | 55 ||| SWAPPING to +0 arbalest.
    56 | D:1      | 56 ||| DROPPING +0 shortbow.
   167 | D:1      | HP: 2/12 [kobold/+0 short sword (3)]
   168 | D:1      | Slain by a kobold

Levels and vault maps discovered:
D:1:      minmay_arrival_wavy_path, layout_basic

Action                     || total
---------------------------++-------
   Fire: Arbalest          ||    11
         Shortbow          ||     8
 Armour: Leather armour    ||     7
  Dodge: Dodged            ||     8

Table legend:
 A = Non-vault XP
 B = Vault XP
 C = Vault XP percentage of total XP
 D = Non-vault monster count
 E = Vault monster count
 F = Vault count percentage of total count
                 A         B        C        D         E       F
            +---------+---------+-------+---------+---------+-------
      Total |      11 |       0 |   0.0 |       9 |       0 |   0.0
            +---------+---------+-------+---------+---------+-------
        D:1 |      11 |       0 |   0.0 |       9 |       0 |   0.0
            +---------+---------+-------+---------+---------+-------
